 Dungeon Crawl Stone Soup version 0.28-a0-445-g51f8dfeb47 (webtiles) character file.

Game seed: 74081310832172496

34596 Morbidden the Thaumaturge (level 13, -2/98 HPs)
             Began as a Demonspawn Cinder Acolyte on Sept 12, 2021.
             Was a Priest of Cheibriados.
             Slain by a lindwurm (4 damage)
             ... summoned by Kirke
             ... on level 4 of the Lair of Beasts.
             The game lasted 00:38:00 (22772 turns).

Morbidden the Thaumaturge (DsCA)                   Turns: 22772, Time: 00:38:00

Health: -2/98      AC:  0    Str: 23    XL:     13   Next: 43%
Magic:  11/28      EV: 14    Int: 28    God:    Cheibriados [***...]
Gold:   1008       SH:  0    Dex: 17    Spells: 16/35 levels left

rFire   + . .      SeeInvis .     - Unarmed
rCold   + . .      Faith    .   (shield currently unavailable)
rNeg    . . .      Spirit   .   (armour currently unavailable)
rPois   +          Reflect  .   (helmet currently unavailable)
rElec   +          Harm     .   (cloak currently unavailable)
rCorr   +          Rampage  .   (gloves currently unavailable)
Will    .....                   (boots unavailable)
Stlth   +++.......              (no amulet)
HPRegen 0.26/turn               (ring currently unavailable)
MPRegen 0.21/turn               (ring currently unavailable)

@: pig-form, resistant, slowed, studying Bows, very slow
A: fast, no casting, small, (talons 3), (large bone plates 3), (spiny 2),
demonic magic 1
a: Renounce Religion, Bend Time, Temporal Distortion


You were on level 4 of the Lair of Beasts.
You worshipped Cheibriados.
Cheibriados was most pleased with you.
You were a filthy swine.
You visited 3 branches of the dungeon, and saw 18 of its levels.

You collected 1083 gold pieces.
You spent 75 gold pieces at shops.

Inventory:

Hand Weapons
 a - a +4 dagger of electrocution
 C - a +1 dagger of venom (melded)
Missiles
 q - 11 javelins
 u - a curare-tipped dart
Armour
 d - a +0 pair of gloves (melded)
 I - a +1 cloak (melded)
 J - a +2 plate armour of fire resistance
 N - a +2 ring mail of poison resistance (melded)
 R - the +6 leather armour of Optimism {+Inv rF+ Str+4}
   (You found it on level 1 of the Lair of Beasts)

   Str:       It affects your strength (+4).
   rF:        It protects you from fire.
   +Inv:      It lets you turn invisible.
Magical Staves
 b - a staff of fire
 z - a staff of cold
 K - a staff of death
Jewellery
 r - a +4 ring of protection (melded)
 t - a ring of positive energy
 v - a ring of positive energy
 w - a ring of flight
 x - a +6 ring of intelligence (melded)
 S - a ring of positive energy
 T - a ring of protection from fire
 U - a ring of willpower
 V - a ring of poison resistance
Wands
 h - a wand of polymorph (10)
 A - a wand of flame (99)
 L - a wand of iceblast (3)
Scrolls
 c - 2 scrolls of identify
 f - 3 scrolls of enchant armour
 i - 4 scrolls of amnesia
 k - 3 scrolls of noise
 o - a scroll of immolation
 s - 3 scrolls of enchant weapon
 y - 2 scrolls of magic mapping
 D - a scroll of brand weapon
 H - a scroll of blinking
 M - a scroll of silence
Potions
 e - a potion of might {unknown}
 g - 2 potions of cancellation {unknown}
 j - a potion of heal wounds
 l - a potion of invisibility
 m - a potion of magic {unknown}
 n - 5 potions of curing
 p - 2 potions of mutation {unknown}
 B - a potion of resistance
 E - a potion of lignification {unknown}
 F - 2 potions of degeneration {unknown}
 G - 4 potions of attraction {unknown}
 O - a potion of ambrosia {unknown}
 P - 2 potions of haste {unknown}


   Skills:
 * Level 8.2 Fighting
 + Level 3.6 Short Blades
 + Level 0.6 Staves
 + Level 1.9 Armour
 * Level 1.8 Dodging
 + Level 5.7 Stealth
 + Level 1.4 Shields
 * Level 1.9 Unarmed Combat
 * Level 11.7 Spellcasting
 * Level 0.4 Summonings
 * Level 6.1 Transmutations
 + Level 8.6 Fire Magic
 * Level 6.5 Air Magic
 * Level 7.1 Invocations
 * Level 7.5 Evocations


You had 16 spell levels left.
You knew the following spells:

 Your Spells              Type           Power      Damage    Failure   Level
a - Airstrike             Air            26%        N/A       2%          4
b - Scorch                Fire           100%       2d10      1%          2
c - Storm Form            Tmut/Air       25%        N/A       91%         7
d - Summon Cactus Giant   Summ           9%         N/A       99%         6

Your spell library contained the following spells:

 Spells                   Type           Power      Damage    Failure   Level
 Shock                    Conj/Air       100%       1d9       1%          1
 Passwall                 Tmut/Erth      27%        N/A       1%          2
 Wereblood                Tmut           50%        N/A       1%          2
 Swiftness                Air            52%        N/A       1%          3
 Summon Small Mammal      Summ           72%        N/A       2%          1
 Animate Skeleton         Necr           32%        N/A       3%          1
 Apportation              Tloc           32%        N/A       3%          1
 Blink                    Tloc           N/A        N/A       4%          2
 Sublimation of Blood     Necr           8%         N/A       4%          2
 Call Canine Familiar     Summ           18%        N/A       9%          3
 Portal Projectile        Hex/Tloc       32%        N/A       10%         3
 Leda's Liquefaction      Hex/Erth       8%         N/A       32%         4
 Summon Forest            Summ/Tloc      8%         N/A       65%         5
 Summon Mana Viper        Hex/Summ       17%        N/A       65%         5
 Manifold Assault         Tloc           16%        N/A       67%         5
 Invisibility             Hex            8%         N/A       99%         6
 Summon Hydra             Summ           9%         N/A       100%        7


Dungeon Overview and Level Annotations

Branches:
Dungeon (12/15)            Temple (1/1) D:7            Lair (5/6) D:10
  Swamp (0/4) Lair:2        Snake (0/4) Lair:3          Orc (0/2) D:9
  Slime: Lair:5-6

Altars:
Ashenzari
Cheibriados
Dithmenos
Elyvilon
Fedhas
Gozag
Hepliaklqana
Kikubaaqudgha
Makhleb
Nemelex Xobeh
Okawaru
Qazlal
Ru
Sif Muna
Trog
Uskayaw
Vehumet
Wu Jian
Xom
Yredelemnul
Zin
The Shining One

Shops:
D:1 *[[(   D:3 ?[(   D:7 (   D:9 *

Annotations:
D:3 2 transporters, wpisznazwe's ghost, amateur FoGl
D:5 3 runed translucent doors, paps's ghost, novice OpTm
D:11 Gastronok
Lair:1 2 transporters, 3 runed translucent doors, flestrin's ghost, journeyman DrCj
Lair:4 Kirke


Innate Abilities, Weirdness & Mutations

You are a filthy swine.
You move quickly.
Your equipment is almost entirely melded.
You are incapable of wielding weapons or throwing items.
You cannot cast spells.
((You have claws for feet.))
((You are completely covered in large bone plates. (SH +8)))
((You are mostly covered in sharp spines.))
Spells you cast may paralyse adjacent enemies.


Message History

Unknown command.
Unknown command.
Unknown command.
The helpless hog fails to defend itself.
You hit the hog.
The hog is moderately wounded.
Something hits you.
Unknown command.
Unknown command.
It was a potion of resistance.
You feel protected.
The lindwurm is no longer paralysed.
The lindwurm closely misses you.
The lindwurm claws you. x2; Something hits you!
The lindwurm breathes flames at you. The blast of flame hits you!! You resist.
* * * LOW HITPOINT WARNING * * *
You feel much better.
The hog is no longer paralysed.
Something hits you! The hog bites you. The lindwurm breathes flames at you.
The blast of flame misses you. Something hits you. The hog bites you!
* * * LOW HITPOINT WARNING * * *
Unknown command.
Unknown command.
Unknown command.
Unknown command.
You feel much better. The lindwurm bites you. The lindwurm claws you!
The lindwurm claws you. The hog barely misses you.
Something completely misses you. The lindwurm bites you!!
* * * LOW HITPOINT WARNING * * *
The lindwurm closely misses you. The lindwurm claws you!
* * * LOW HITPOINT WARNING * * *
The hog closely misses you.
Unknown command.
Unknown command.
Unknown command.
Unknown command.
You feel much better. Something hits you!
* * * LOW HITPOINT WARNING * * *
The hog barely misses you. The lindwurm misses you. The lindwurm claws you.
You die...

###......#.........#.#######
.....................#.#.#.##
.......^.......####......#.P#
<..............P####........##
.................###.........#
..................##.......### ##
.....##....................#####.
.....###.......k.............##..
....#.##.......{hh..........)....
.....#.#..#..P#.....##...........
.....#†#.#######...##............
........## #.##.##............
....PP#P# ####.##P...........
....##### ####..h......... ...###
#.#..#....... ...#.##
######..†...# ....#.# #......#.


You could see a lindwurm (summoned, catching breath) and a hog.

Vanquished Creatures
  A hydra (Lair:4)
  A catoblepas (Lair:2)
  2 two-headed ogres
  Nergalle (D:11)
  Pikel (D:8)
  A bog body (Lair:2)
  A manticore (D:12)
  20 elephants
  5 black mambas
  7 cane toads
  A komodo dragon (Lair:4)
  Psyche (D:8)
  A troll (D:11)
  2 polar bears (Lair:4)
  Prince Ribbit (D:5)
  2 hornets
  12 blink frogs
  3 slime creatures (D:12)
  A vampire (D:10)
  A shadow (D:10)
  2 basilisks
  A wraith (D:10)
  26 yaks
  15 fire elementals
  2 wyverns
  A steam dragon (D:7)
  3 hogs (Lair:4)
  3 vampire mosquitoes (D:12)
  2 swamp worms (Lair:2)
  9 water moccasins
  An orc warrior (D:7)
  5 black bears
  An ice beast (D:7)
  8 necrophages
  A sky beast (D:6)
  3 ogres
  8 centaurs
  4 wolves (Lair:3)
  2 lemures (D:8)
  2 phantoms
  3 kobold brigands
  9 bullfrogs
  2 gnoll sergeants
  A wyvern zombie (D:5)
  2 scorpions
  A wyvern skeleton (D:3)
  4 killer bees
  7 wights
  8 howler monkeys
  2 centaur zombies
  7 hounds
  3 jellies
  2 orc priests
  A human zombie (D:4)
  2 scorpion zombies (D:4)
  3 iguanas
  2 orc wizards
  A killer bee zombie (D:5)
  A hound zombie (D:4)
  A hound skeleton (D:4)
  3 howler monkey zombies
  9 gnolls
  8 adders
  2 white imps
  An ufetubus (D:5)
  An adder zombie (D:4)
  An adder skeleton (D:4)
  3 worms
  3 dart slugs
  20 orcs
  8 ball pythons
  4 endoplasms
  4 giant cockroaches
  7 goblins
  11 hobgoblins
  5 quokkas
  5 bats
  3 frilled lizards
  20 kobolds
  A quokka skeleton (D:4)
  5 rats
350 creatures vanquished.

Vanquished Creatures (collateral kills)
  A hydra (D:12)
  A boulder beetle (D:12)
  4 elephants (Lair:2)
  A komodo dragon (Lair:2)
7 creatures vanquished.

Vanquished Creatures (others)
  150 foxfires
  16 fungi
  31 plants
197 creatures vanquished.

Grand Total: 554 creatures vanquished

Notes
Turn   | Place    | Note
-------+----------+-------------------------------------------
     0 | D:1      | Morbidden the Demonspawn Cinder Acolyte began the quest for
                  | the Orb.
     0 | D:1      | Reached XP level 1. HP: 18/18 MP: 2/2
    66 | D:1      | Found Hurucw's Antique Armour Shoppe.
   372 | D:1      | Found Vuavathru's Antique Armour Shoppe.
   388 | D:1      | Gained mutation: You are partially covered in sharp spines.
                  | [demonic ancestry]
   388 | D:1      | Reached XP level 2. HP: 1/24 MP: 3/3
   860 | D:1      | Learned a level 2 spell: Scorch
   878 | D:1      | Found Tymal's Assorted Antiques.
  1250 | D:1      | Found Eneic's Antique Weapon Boutique.
  1467 | D:2      | Found a faded altar of an unknown god.
  1525 | D:2      | Gained mutation: You have sharp toenails. [demonic
                  | ancestry]
  1525 | D:2      | Reached XP level 3. HP: 26/29 MP: 5/5
  2183 | D:2      | Found a basalt altar of Yredelemnul.
  2413 | D:2      | Gained mutation: Spells you cast may paralyse adjacent
                  | enemies. [demonic ancestry]
  2413 | D:2      | Reached XP level 4. HP: 37/37 MP: 1/6
  2578 | D:3      | Found a hazy altar of Hepliaklqana.
  2643 | D:3      | Found Siten's Armour Shop.
  2952 | D:3      | Found a transporter.
  2952 | D:3      | Noticed wpisznazwe's ghost (amateur FoGl)
  2957 | D:3      | Found an ornate altar of the Wu Jian Council.
  2971 | D:3      | Reached skill level 2 in Spellcasting
  3307 | D:3      | Found a transporter.
  3407 | D:3      | Reached skill level 1 in Evocations
  3911 | D:3      | Reached XP level 5. HP: 33/42 MP: 1/8
  3990 | D:3      | Found Xokhamn's Weapon Emporium.
  4260 | D:3      | Found Omaell's Magic Scroll Shoppe.
  4463 | D:4      | Gained mutation: You are partially covered in large bone
                  | plates. (SH +4) [demonic ancestry]
  4463 | D:4      | Reached XP level 6. HP: 45/48 MP: 4/10
  4622 | D:4      | Reached skill level 3 in Spellcasting
  4632 | D:4      | Reached skill level 1 in Stealth
  4906 | D:4      | Found a hide-covered altar of Uskayaw.
  4952 | D:4      | Gained mutation: You have razor-sharp toenails. [demonic
                  | ancestry]
  4952 | D:4      | Reached XP level 7. HP: 54/54 MP: 3/12
  5286 | D:4      | Reached skill level 4 in Spellcasting
  5483 | D:4      | Found an ancient bone altar of Kikubaaqudgha.
  5487 | D:4      | Reached skill level 5 in Fire Magic
  5571 | D:4      | Reached skill level 1 in Dodging
  5618 | D:4      | Reached XP level 8. HP: 55/61 MP: 7/14
  5821 | D:5      | Entered Level 5 of the Dungeon
  5840 | D:5      | Noticed Prince Ribbit
  5842 | D:5      | Killed Prince Ribbit
  5851 | D:5      | Reached skill level 5 in Spellcasting
  6309 | D:5      | Reached skill level 5 in Fighting
  6775 | D:5      | Noticed paps's ghost (novice OpTm)
  6787 | D:5      | Found a runed translucent gate.
  6787 | D:5      | Found a runed translucent gate.
  6788 | D:5      | Found a runed translucent gate.
  7196 | D:5      | Reached skill level 6 in Spellcasting
  7629 | D:5      | Learned a level 7 spell: Storm Form
  7682 | D:6      | Reached XP level 9. HP: 68/68 MP: 4/18
  8064 | D:6      | Reached skill level 1 in Transmutations
  8351 | D:6      | Reached skill level 1 in Air Magic
  8427 | D:6      | Reached skill level 7 in Spellcasting
  9045 | D:6      | Found a stormy altar of Qazlal.
  9223 | D:7      | Found Kumeck's Firing Range.
  9297 | D:7      | Learned a level 4 spell: Airstrike
  9477 | D:7      | Found a staircase to the Ecumenical Temple.
  9512 | D:7      | Gained mutation: You have claws for feet. [demonic
                  | ancestry]
  9512 | D:7      | Reached XP level 10. HP: 76/76 MP: 14/21
  9523 | D:7      | Reached skill level 8 in Spellcasting
 10207 | D:8      | Noticed Pikel
 10222 | D:8      | Killed Pikel
 10473 | D:8      | Found an iron altar of Okawaru.
 10565 | Temple   | Entered the Ecumenical Temple
 10987 | Temple   | Fell from the grace of Ignis
 10987 | Temple   | Became a worshipper of Cheibriados the Contemplative
 11171 | D:8      | Noticed Psyche
 11179 | D:8      | Killed Psyche
 11479 | D:9      | Reached skill level 5 in Evocations
 11707 | D:9      | Found Afapp's General Store.
 11715 | D:9      | Bought a potion of heal wounds for 75 gold pieces
 11859 | D:9      | Found a blossoming altar of Fedhas.
 12053 | D:9      | Noticed a two-headed ogre
 12060 | D:9      | Killed a two-headed ogre
 12061 | D:9      | Reached skill level 1 in Invocations
 12152 | D:9      | Found a staircase to the Orcish Mines.
 12253 | D:9      | You fall into a shaft and drop 3 floors!
 12260 | D:12     | Found a broken altar of Ashenzari.
 12272 | D:12     | Noticed a manticore
 12277 | D:12     | Killed a manticore
 12278 | D:12     | Reached skill level 9 in Spellcasting
 12407 | D:12     | Noticed a boulder beetle
 12411 | D:12     | Noticed a four-headed hydra
 12423 | D:12     | Killed a boulder beetle
 12426 | D:12     | Killed a four-headed hydra
 12427 | D:12     | Gained mutation: You are mostly covered in large bone
                  | plates. (SH +6) [demonic ancestry]
 12427 | D:12     | Reached XP level 11. HP: 57/83 MP: 6/24
 13538 | D:11     | Noticed Gastronok
 13709 | D:11     | Noticed Nergalle
 13719 | D:11     | Killed Nergalle
 13789 | D:10     | Entered Level 10 of the Dungeon
 13985 | D:10     | You fall into a shaft and drop 1 floor!
 14393 | D:10     | Reached * piety under Cheibriados
 14843 | D:10     | Found a staircase to the Lair.
 15016 | D:10     | Identified the +8 chain mail "Teisuor" {Harm Rampage rF+}
 15074 | D:10     | Found a radiant altar of Vehumet.
 15687 | D:10     | Noticed a two-headed ogre
 16243 | D:10     | Killed a two-headed ogre
 16244 | D:10     | Reached skill level 10 in Spellcasting
 16880 | Lair:1   | Entered Level 1 of the Lair of Beasts
 16971 | Lair:1   | Found a transporter.
 17084 | Lair:1   | Reached ** piety under Cheibriados
 17087 | Lair:1   | Reached skill level 5 in Air Magic
 17362 | Lair:1   | Identified the +6 leather armour of Optimism {+Inv rF+
                  | Str+4}
 17562 | Lair:1   | Found a runed translucent gate.
 17562 | Lair:1   | Found a runed translucent gate.
 17585 | Lair:1   | Found a runed translucent gate.
 17586 | Lair:1   | Noticed flestrin's ghost (journeyman DrCj)
 17654 | Lair:1   | Gained mutation: You are completely covered in large bone
                  | plates. (SH +8) [demonic ancestry]
 17654 | Lair:1   | Reached XP level 12. HP: 70/91 MP: 5/26
 17770 | Lair:1   | Found a transporter.
 18045 | Lair:1   | Was forgiven by Ignis
 18282 | Lair:2   | Identified the +8 hunting sling of the Apocalypse {flame,
                  | Dex+3}
 18375 | Lair:2   | Noticed a catoblepas
 18399 | Lair:2   | Killed a catoblepas
 18400 | Lair:2   | Reached skill level 5 in Invocations
 18406 | Lair:2   | Reached skill level 5 in Stealth
 18407 | Lair:2   | Reached skill level 1 in Armour
 19208 | Lair:2   | Found a staircase to the Swamp.
 19475 | Lair:3   | Reached skill level 5 in Transmutations
 19842 | Lair:3   | Found a staircase to the Snake Pit.
 19922 | Lair:3   | Reached *** piety under Cheibriados
 19931 | Lair:3   | Reached skill level 11 in Spellcasting
 20251 | Lair:3   | Reached skill level 1 in Unarmed Combat
 20362 | Lair:3   | Reached skill level 1 in Shields
 20371 | Lair:3   | Gained mutation: You are mostly covered in sharp spines.
                  | [demonic ancestry]
 20371 | Lair:3   | Reached XP level 13. HP: 78/98 MP: 20/28
 21600 | Lair:4   | Noticed Kirke
 21996 | Lair:4   | Learned a level 6 spell: Summon Cactus Giant
 22706 | Lair:4   | Noticed a sphinx
 22771 | Lair:4   | HP: 1/98 [lindwurm[Kirke] (10)]
 22772 | Lair:4   | Slain by a lindwurm

Illustrated notes

Levels and vault maps discovered:
D:1:      dpeg_arrival_rooms_with_view, layout_loops_ring, serial_shops, shop,
          shop, nicolae_shop_temple_entry_statues_fountains, shop,
          chequers_decorated_corner, st_stairs_14, minmay_misc_feat_nine_boxes,
          minmay_fountain_box, hangedman_decor_riveting,
          chequers_serial_rivers_large_b
D:2:      layout_basic, basic_altar, ebering_ecumenical_altar_webs,
          minmay_pentomino_pile
D:3:      layout_basic, nicolae_wu_jian_wuxing_cycle, lemuel_tele_altar,
          serial_shops, nicolae_shop_stone, shop, nicolae_shop_crystal,
          gammafunk_ghost_stat_death
D:4:      layout_rooms, nicolae_overflow_hidden_temple,
          lemuel_mausoleum_altar_kikubaaqudgha
D:5:      layout_layer_cave, mainiacjoe_overflow_24_doors,
          gammafunk_ghost_split, minmay_manual_mess, uniq_prince_ribbit1
D:6:      layout_rooms, kennysheep_little_box, chequers_mini_garden,
          minmay_divided_ellipse
D:7:      layout_cave_pools, minmay_temple_entry_gardened_gates,
          nicolae_shop_firing_range
D:8:      layout_rooms, lemuel_round_altar, uniq_pikel, uniq_psyche
D:9:      layout_roguey, amcnicky_altar_gilded, orc_0_dummy, serial_shops, shop
D:10:     layout_gridville, vehumet_altar_wand_db, minmay_variable_closet
D:11:     layout_basic, uniq_nergalle, uniq_gastronok
D:12:     layout_roguey, nicolae_ashenzari_panopticon
Temple:   minmay_temple_forest_path
Lair:1:   gammafunk_worm_tunnel, layout_concentric_octagons,
          gammafunk_ghost_necromancy, hibernation_bobbens
Lair:2:   layout_chaotic_city, nicolae_swamp_entry_splash_gauntlet
Lair:3:   layout_regular_city, guppyfry_snake_entry_island,
          kennysheep_catoblepas_arena, lemuel_fruit_tree
Lair:4:   layout_cave_shapes, serial_bayou_shore_a, grunt_megastairs_1,
          uniq_kirke
Lair:5:   statuecave_lemuel, layout_cave_pods, lemuel_fruit_fields

Skill      XL: |  1  2  3  4  5  6  7  8  9 10 11 12 13 |
---------------+----------------------------------------+-----
Fire Magic     | 3 4 5 6 7 8 |  8.6
Short Blades   | 3 |  3.6
Spellcasting   | 2 3 4 6 7 9 10 11 | 11.7
Evocations     | 1 2 3 4 5 6 7 |  7.5
Fighting       | 4 5 6 7 8 |  8.2
Stealth        | 1 2 3 4 5 |  5.7
Dodging        | 1 |  1.8
Transmutations | 2 3 4 5 6 |  6.1
Air Magic      | 1 3 5 6 |  6.5
Invocations    | 2 4 6 7 |  7.1
Armour         | 1 |  1.9
Unarmed Combat | 1 |  1.9
Shields        | 1 |  1.4
Staves         | |  0.6
Summonings     | |  0.4

Action                   |  1- 3 |  4- 6 |  7- 9 | 10-12 | 13-15 || total
-------------------------+-------+-------+-------+-------+-------++-------
Melee: Short sword       |    60 |       |       |       |       ||    60
       Staff             |    33 |    29 |    11 |     2 |       ||    75
       Kick              |     4 |     9 |     5 |    82 |    25 ||   125
       Dagger            |       |     8 |    28 |   192 |    59 ||   287
       Unarmed           |       |       |       |       |     1 ||     1
 Cast: Scorch            |     9 |    39 |   131 |   169 |    51 ||   399
       Airstrike         |       |       |     1 |   114 |    42 ||   157
Invok: Foxfire Swarm     |       |     2 |     2 |     7 |       ||    11
Evoke: Wand              |       |       |       |    11 |       ||    11
  Use: Scroll            |       |       |       |    13 |     3 ||    16
       Potion            |       |       |       |     4 |     6 ||    10
 Stab: Paralysed         |       |     5 |    31 |    64 |    10 ||   110
       Sleeping          |       |       |       |     3 |       ||     3
Armor: Robe              |    28 |     5 |    23 |    10 |       ||    66
       Ring mail         |       |       |       |   100 |    42 ||   142
Dodge: Dodged            |    45 |    38 |    31 |   104 |    52 ||   270
Block: Other             |       |     3 |     9 |    74 |    41 ||   127

Table legend: (Time is in decaauts)
 A = Elapsed time spent in this place.
 B = Non-inter-level travel time spent in this place.
 C = Inter-level travel time spent in this place.
 D = Time resting spent in this place.
 E = Time spent auto-exploring this place.
 F = Levels seen in this place.
 G = Mean time per level.
                   A        B        C        D        E       F      G
               +--------+--------+--------+--------+--------+-----+--------+
         Total |  24649 |  23954 |    695 |   5238 |  15838 |  18 | 1369.4 |
       Dungeon |  17102 |  16656 |    446 |   3793 |  10906 |  12 | 1425.2 |
        Temple |    476 |    396 |     80 |      0 |    380 |   1 |  476.0 |
          Lair |   7070 |   6903 |    167 |   1445 |   4552 |   5 | 1414.0 |
               +--------+--------+--------+--------+--------+-----+--------+

Top non-repeatable levels by time:
    D:10: 2597 daAuts
  Lair:3: 2441 daAuts
     D:5: 2003 daAuts
     D:3: 1855 daAuts
  Lair:1: 1668 daAuts
  Lair:2: 1453 daAuts
     D:1: 1438 daAuts
     D:9: 1401 daAuts
     D:4: 1389 daAuts
     D:6: 1389 daAuts
  Lair:4: 1232 daAuts
     D:2: 1170 daAuts
    D:12: 1132 daAuts
     D:8: 957 daAuts
     D:7: 907 daAuts
